 Dungeon Crawl Stone Soup version 0.29.1-2-gbd0b4ee654 (webtiles) character file.

Game seed: 2257696676718107690

122 H0rd4k the Magician (level 4, -2/24 HPs)
             Began as a Deep Elf Hedge Wizard on Nov 30, 2022.
             Slain by an orc
             ... wielding a +0 war axe
              (3 damage)
             ... on level 2 of the Dungeon.
             The game lasted 00:02:26 (3328 turns).

H0rd4k the Magician (Deep Elf Hedge Wizard)         Turns: 3328, Time: 00:02:27

Health: -2/24      AC:  2    Str:  7    XL:     4   Next: 78%
Magic:  6/15       EV: 12    Int: 21    God:
Gold:   90         SH:  0    Dex: 14    Spells: 16/17 levels left

rFire   . . .      SeeInvis .   a - +0 dagger
rCold   . . .      Faith    .   (no shield)
rNeg    . . .      Spirit   .   b - +0 robe
rPois   .          Reflect  .   c - +0 hat
rElec   .          Harm     .   (no cloak)
rCorr   .          Rampage  .   (no gloves)
Will    .....                   (no boots)
Stlth   ++........              (no amulet)
HPRegen 0.08/turn               (no ring)
MPRegen 0.14/turn               (no ring)

@: very slightly contaminated
A: no striking features
a: no special abilities


You were on level 2 of the Dungeon.
You visited 1 branch of the dungeon, and saw 3 of its levels.

You collected 90 gold pieces.

Inventory:

Hand Weapons
 a - a +0 dagger (weapon)
 j - a +4 dagger
Armour
 b - a +0 robe (worn)
 c - a +0 hat (worn)
Jewellery
 m - a ring of fire
 q - a ring of magical power
Scrolls
 e - 2 scrolls of enchant armour {unknown}
 g - a scroll of blinking {unknown}
 h - 2 scrolls of poison {unknown}
 k - a scroll of identify {unknown}
 o - a scroll of silence {unknown}
 p - a scroll of vulnerability {unknown}
Potions
 d - a potion of magic
 f - 2 potions of ambrosia {unknown}
 i - 2 potions of attraction {unknown}
 l - a potion of degeneration {unknown}
 n - a potion of heal wounds {unknown}
 r - a potion of curing {unknown}
 s - a potion of flight {unknown}


   Skills:
 - Level 2.4 Dodging
 - Level 2.4 Stealth
 * Level 7.1 Spellcasting
 + Level 2.3 Conjurations
 + Level 1.1 Summonings
 + Level 1.1 Translocations


You had 16 spell levels left.
You knew the following spells:

 Your Spells              Type           Power      Damage    Failure   Level
a - Magic Dart            Conj           68%        1d6       3%          1

Your spell library contained the following spells:

 Spells                   Type           Power      Damage    Failure   Level
 Slow                     Hex            28%        N/A       9%          1
 Blink                    Tloc           24%        N/A       9%          2
 Call Imp                 Summ           12%        N/A       9%          2
 Conjure Flame            Conj/Fire      12%        6-21      16%         3
 Mephitic Cloud           Conj/Pois/Air  10%        N/A       19%         3


Dungeon Overview and Level Annotations

Branches:
Dungeon (3/15)

Altars:


Message History

The magic dart hits the orc but does no damage.
The orc is severely wounded.
The orc barely misses you.
The magic dart hits the orc but does no damage.
The orc is severely wounded.
The orc closely misses you. The orc barely misses you.
Unknown command.
The orc hits you with a +0 mace. The orc hits you with a +0 war axe.
You climb upwards.
There is a stone staircase leading down here.
You are too injured to fight recklessly!
You are too injured to fight recklessly!
You are too injured to fight recklessly!
Casting: Magic Dart (safe; 3% risk of failure)
Confirm with . or Enter, or press ? or * to list all spells.
Aiming: Magic Dart (safe; 3% risk of failure)
Press: ? - help, Shift-Dir - straight line, f - orc
Aim: an orc, wielding a +0 mace (100% to hit)
The magic dart hits the orc.
The orc is lightly wounded.
The orc hits you with a +0 war axe. The orc closely misses you.
Casting: Magic Dart (safe; 3% risk of failure)
Confirm with . or Enter, or press ? or * to list all spells.
Aiming: Magic Dart (safe; 3% risk of failure)
Press: ? - help, Shift-Dir - straight line, f - orc, p - orc
Aim: an orc, wielding a +0 war axe and wearing a +0 ring mail (severely wounded, 100% to hit)
You miscast Magic Dart.
You are very lightly contaminated with residual magic.
Nothing appears to happen.
The orc hits you with a +0 war axe.
* * * LOW HITPOINT WARNING * * *
The orc hits you with a +0 mace.
* * * LOW HITPOINT WARNING * * *
Casting: Magic Dart (safe; 3% risk of failure)
Confirm with . or Enter, or press ? or * to list all spells.
Aiming: Magic Dart (safe; 3% risk of failure)
Press: ? - help, Shift-Dir - straight line, f/p - orc
Aim: an orc, wielding a +0 war axe and wearing a +0 ring mail (severely wounded, 100% to hit)
You miscast Magic Dart.
Nothing appears to happen.
The orc hits you with a +0 war axe.
You die...

#.# ####.###### #.# #..รท......#
#.####.##.####.#
...........###.#######
..####.#.............# #######
#.# #......##.#####.# #...... #.#
#.#...###.# #.######.#.##. ..#
#.##.####.#####......#.#.... ###
#.........#@o........#.#..#.
####.######o###.###..#.#..#.
##'## #.# #.###..#...... ###
##...## #.# #...#..####.## ..##
##.....## #.###.#.#..# #.##
...###.......###.##.......# ##.##
...##.........##.........####.#..
....'.........'.[............###.
..###.........####...#.####.## ##


You could see 2 orcs.

Vanquished Creatures
  An orc priest (D:3)
  2 adders
  A dart slug (D:2)
  7 orcs (D:3)
  4 ball pythons
  8 bats
  4 endoplasms
  2 giant cockroaches
  8 goblins
  3 hobgoblins
  5 jackals (D:3)
  7 kobolds
  A quokka (D:1)
  2 frilled lizards (D:1)
  6 rats
61 creatures vanquished.

Notes
Turn   | Place    | Note
-------+----------+-------------------------------------------
     0 | D:1      | H0rd4k the Deep Elf Hedge Wizard began the quest for the
                  | Orb.
     0 | D:1      | Reached XP level 1. HP: 10/10 MP: 7/7
   274 | D:1      | Reached skill level 5 in Spellcasting
   333 | D:1      | Reached XP level 2. HP: 15/15 MP: 6/10
  1135 | D:1      | Reached XP level 3. HP: 19/19 MP: 7/12
  1465 | D:2      | Reached skill level 6 in Spellcasting
  2604 | D:3      | Reached XP level 4. HP: 20/24 MP: 2/14
  2780 | D:3      | Reached skill level 7 in Spellcasting
  3327 | D:2      | HP: 1/24 [orc/+0 mace (4)]
  3328 | D:2      | Slain by an orc

Illustrated notes

Levels and vault maps discovered:
D:1:      dpeg_arrival_arbitrary_b, layout_loops_ring, serial_forest,
          infiniplex_forest_corner_2, infiniplex_forest_join,
          infiniplex_forest_straight_2, infiniplex_forest_end_2,
          infiniplex_forest_straight_1, infiniplex_forest_clump_diagonal,
          infiniplex_forest_straight_5, infiniplex_forest_lined_room_2,
          infiniplex_forest_lined_ring
D:2:      layout_loops_corners
D:3:      layout_loops_ring, nicolae_overflow_hidden_temple,
          mainiacjoe_overflow_two_lobes, grunt_temple_overflow_open,
          serial_shops, nicolae_diamond_shop

Skill      XL: |  1  2  3  4 |
---------------+-------------+-----
Spellcasting   | 5 6 7 |  7.1
Conjurations   | 2 |  2.3
Dodging        | |  2.4
Stealth        | |  2.4
Summonings     | |  1.1
Translocations | |  1.1

Action                   |  1- 3 |  4- 6 || total
-------------------------+-------+-------++-------
Melee: Dagger            |       |    10 ||    10
 Cast: Magic Dart        |   115 |    40 ||   155
Armor: Robe              |     2 |     4 ||     6
Dodge: Dodged            |     9 |    19 ||    28
